 Dungeon Crawl Stone Soup version 0.26.1-11-gd32895ea62 (webtiles) character file.

Game seed: 13966089603285995073

37 Zeld the Insei (level 3, -1/18 HPs)
             Began as a Vine Stalker Transmuter on June 10, 2021.
             Slain by a gnoll
             ... wielding a cursed -1 spear
              (8 damage)
             ... on level 2 of the Dungeon.
             The game lasted 00:02:20 (2031 turns).

Zeld the Insei (Vine Stalker Transmuter)            Turns: 2031, Time: 00:02:21

Health: -1/18      AC:  2    Str: 13    XL:     3   Next: 39%
Magic:  0/8        EV: 12    Int: 13    God:
Gold:   53         SH:  0    Dex: 14    Spells: 1/7 levels left

rFire    . . .     SeeInvis .     - Unarmed
rCold    . . .     Faith    .   (no shield)
rNeg     . . .     Spirit   +   a - +0 robe
rPois    .         Reflect  .   (helmet currently unavailable)
rElec    .         Harm     .   (no cloak)
rCorr    .         Rampage  .   (no gloves)
Will     .....                  (boots currently unavailable)
Stlth    +.........             (no amulet)
HPRegen  0.06/turn              (no ring)
MPRegen  0.11/turn              (no ring)

@: appendages
A: fangs 2, horns 2, talons 2, magic shield, antimagic bite, no potion heal 3
a: End Transformation


You were on level 2 of the Dungeon.
You had grown temporary horns.
You had grown temporary talons.
You visited 1 branch of the dungeon, and saw 2 of its levels.

You collected 53 gold pieces.

Inventory:

Armour
 a - a +0 robe (worn)
Jewellery
 k - a +6 ring of strength {unknown}
Scrolls
 c - a scroll of noise {unknown}
 e - 2 scrolls of identify {unknown}
 f - a scroll of immolation {unknown}
 i - 4 scrolls of remove curse {unknown}
Potions
 b - a potion of brilliance {unknown}
 d - a potion of curing {unknown}
 g - a potion of heal wounds {unknown}
 h - a potion of haste {unknown}
 j - a potion of cancellation {unknown}
 l - a potion of lignification {unknown}


   Skills:
 + Level 1.3 Fighting
 + Level 1.9 Dodging
 - Level 3.0 Unarmed Combat
 * Level 2.8 Spellcasting
 * Level 2.7 Transmutations


You had one spell level left.
You knew the following spells:

 Your Spells              Type           Power        Failure   Level
a - Beastly Appendage     Tmut           16%          8%          1
b - Wereblood             Tmut           8%           12%         2
c - Spider Form           Tmut/Pois      2%           38%         3

Your spell library contained the following spells:

 Spells                   Type           Power        Failure   Level
 Ice Form                 Ice/Tmut       5%           80%         4
 Blade Hands              Tmut           4%           91%         5


Dungeon Overview and Level Annotations

Branches:
Dungeon (2/15)

Altars:


Innate Abilities, Weirdness & Mutations

You have extremely sharp teeth.
When hurt, damage is shared between your health and your magic reserves.
Your bite disrupts and absorbs the magic of your enemies.
Potions cannot restore your health.
You have a pair of horns on your head.
You have razor-sharp toenails.


Message History

There is a stone staircase leading up here.
You climb upwards.
There is a stone staircase leading down here.
You start resting.
Magic restored.
You start resting.
HP restored.
Casting: Beastly Appendage (safe; 8% risk of failure)
Confirm with . or Enter, or press ? or * to list all spells.
You grow a pair of large bovine horns.
Your feet morph into talons.
You can't go up here!
You can't go up here!
You climb downwards.
The gnoll hits you from afar with a cursed -1 spear!
There is a stone staircase leading up here.
Unknown command.
The gnoll hits you with a cursed -1 spear!
You are too injured to fight recklessly!
The gnoll hits you from afar with a cursed -1 spear!
You die...

#......(.....##
##.##...###.#
#..#..........###......##
#.#
.#.##..#.##..#.#.#.##..#
#.#
...##..#.##....).......#
#.#
.................#..####
#.# ..###.##.##.###..#..#
#.# .## #.##.##.#
#..#..#######.# .#
#.......###.............#
.#
####...##Jg.@#..#########
.. ###.##.####..# ..
#.##.# #..# ... #.##g#
#..# #.##J# #.[# #.##.#
#..# #.##.# #..# #.##.#
#..# [###.##.# #.(#


You could see a gnoll and an ooze.

Vanquished Creatures
  A gnoll (D:2)
  2 dart slugs
  A giant cockroach (D:1)
  7 goblins
  2 hobgoblins
  2 bats
  2 frilled lizards (D:1)
  A kobold (D:1)
  6 rats
24 creatures vanquished.

Notes
Turn   | Place    | Note
-------+----------+-------------------------------------------
     0 | D:1      | Zeld the Vine Stalker Transmuter began the quest for the
                  | Orb.
     0 | D:1      | Reached XP level 1. HP: 9/9 MP: 4/4
   615 | D:1      | Reached skill level 1 in Fighting
   725 | D:1      | Reached XP level 2. HP: 14/14 MP: 6/6
   728 | D:1      | Learned a level 2 spell: Wereblood
  1624 | D:2      | Reached XP level 3. HP: 13/18 MP: 4/8
  1628 | D:2      | Learned a level 3 spell: Spider Form
  2031 | D:2      | Slain by a gnoll

Illustrated notes

Levels and vault maps discovered:
D:1:      enne_arrival_octagon_isle, layout_loops_ring, minmay_tiny_reverse_x
D:2:      lemuel_upstairs_altar, layout_loops_ring, general_overflow_altar

Skill      XL: |  1 |
---------------+----+-----
Fighting       | 1 |  1.3
Dodging        | |  1.9
Unarmed Combat | |  3.0
Spellcasting   | |  2.8
Transmutations | |  2.7

Action                   || total
-------------------------++-------
Melee: Unarmed           ||    53
       Kick              ||     9
       Bite              ||     8
       Headbutt          ||     6
       Punch             ||     1
 Cast: Beastly Appendage ||    30
Armor: Robe              ||    16
Dodge: Dodged            ||    43
